 Dungeon Crawl Stone Soup version 0.29-a0-451-gfbfa42419e (webtiles) character file.

Game seed: 17845913307110842047

4 zishaf the Grasshopper (level 1, -1/16 HPs)
             Began as a Demigod Wanderer on May 19, 2022.
             Slain by a quokka (3 damage)
             ... on level 1 of the Dungeon.
             The game lasted 00:00:43 (386 turns).

zishaf the Grasshopper (Demigod Wanderer)            Turns: 386, Time: 00:00:44

Health: -1/16      AC:  2    Str: 12    XL:     1   Next: 46%
Magic:  4/4        EV: 11    Int: 13    God:
Gold:   21         SH:  0    Dex: 15    Spells: 1/2 levels left

rFire   . . .      SeeInvis .   a - +0 dagger
rCold   . . .      Faith    .   (no shield)
rNeg    . . .      Spirit   .   d - +0 robe
rPois   .          Reflect  .   (no helmet)
rElec   .          Harm     .   (no cloak)
rCorr   .          Rampage  .   (no gloves)
Will    .....                   (no boots)
Stlth   +.........              (no amulet)
HPRegen 0.05/turn               (no ring)
MPRegen 0.09/turn               (no ring)

@: no status effects
A: high MP 1, forlorn, divine attributes
a: no special abilities


You were on level 1 of the Dungeon.
You visited 1 branch of the dungeon, and saw 1 of its levels.

You collected 21 gold pieces.

Inventory:

Hand Weapons
 a - a +0 dagger (weapon)
Missiles
 b - 14 poisoned darts (quivered)
Armour
 d - a +0 robe (worn)
Scrolls
 f - a scroll of summoning {unknown}
Potions
 c - a potion of berserk rage
 e - a potion of degeneration {unknown}


   Skills:
 + Level 1.2 Fighting
 - Level 1.0 Throwing
 - Level 1.0 Armour
 - Level 1.0 Spellcasting
 + Level 4.6 Translocations
 - Level 1.0 Transmutations


You had one spell level left.
You knew the following spells:

 Your Spells              Type           Power      Damage    Failure   Level
a - Apportation           Tloc           24%        N/A       4%          1

Your spell library contained the following spells:

 Spells                   Type           Power      Damage    Failure   Level
 Lesser Beckoning         Tloc           12%        N/A       13%         3
 Wereblood                Tmut           3%         N/A       28%         2
 Passwall                 Tmut/Erth      0%         N/A       34%         2
 Passage of Golubria      Tloc           12%        N/A       38%         4


Dungeon Overview and Level Annotations

Branches:
Dungeon (1/15)


Innate Abilities, Weirdness & Mutations

You have an increased reservoir of magic. (+10% MP)
You shall have no god before yourself.
Your divine heritage dramatically boosts your attributes as you level up.


Message History

A quokka comes into view.
Found a silvery potion.
Found 13 gold pieces.
A frilled lizard and 2 endoplasms come into view.
The endoplasm quivers.
You closely miss the quokka.
The frilled lizard hisses angrily.
The endoplasm quivers.
The quokka barely misses you.
You completely miss the quokka. The quokka bites you.
You barely miss the quokka. The quokka barely misses you. The quokka bites you.
You hit the quokka.
The quokka is heavily wounded.
The quokka bites you but does no damage.
You closely miss the quokka.
The quokka is heavily wounded.
The quokka bites you.
You are too injured to fight recklessly!
You are too injured to fight recklessly!
You are too injured to fight recklessly!
You are too injured to fight recklessly!
You closely miss the quokka.
The quokka is heavily wounded.
The quokka closely misses you.
You hit the quokka but do no damage.
The quokka is heavily wounded.
The quokka barely misses you.
You closely miss the quokka.
The quokka is heavily wounded.
The quokka bites you.
* * * LOW HITPOINT WARNING * * *
The quokka bites you.
* * * LOW HITPOINT WARNING * * *
Casting: Apportation (safe; 4% risk of failure)
Confirm with . or Enter, or press ? or * to list all spells.
Okay, then.
You closely miss the quokka.
The quokka is heavily wounded.
The quokka bites you.
You die...

#......#.##.#.###......#
#..###.#.#.###.##.####.#
...###.#..##
##....###.###
.........## ##..........
...###.##.#
##....###.###
...###.#...# #.)..####.#
.......#.##.#.##....!..#
..######. #.# #.#######
..# #. ### #@# ..# ..
#r# ..# ..


#Jl ..# #.. #J.. ... #.... . .$.... ########## ##..... .........# ......
..⌠....... You could see 2 endoplasms, a quokka and a frilled lizard.

Vanquished Creatures
  A dart slug (D:1)
  An endoplasm (D:1)
  A bat (D:1)
3 creatures vanquished.

Notes
Turn   | Place    | Note
-------+----------+-------------------------------------------
     0 | D:1      | zishaf the Demigod Wanderer began the quest for the Orb.
     0 | D:1      | zishaf set off with the following items: a +0 dagger, 14
                  | poisoned darts, a potion of berserk rage, a +0 robe; and
                  | the following spell memorised: Apportation; and the
                  | following spells available to memorise: Lesser Beckoning,
                  | Wereblood, Passwall, Passage of Golubria
     0 | D:1      | Reached XP level 1. HP: 16/16 MP: 4/4
   386 | D:1      | Slain by a quokka

Illustrated notes

Levels and vault maps discovered:
D:1:      dpeg_arrival_water_temple_mockup, layout_loops_cross

Action                   || total
-------------------------++-------
Melee: Dagger            ||    24
Armor: Robe              ||     3
Dodge: Dodged            ||     9

Table legend: (Time is in decaauts)
 A = Elapsed time spent in this place.
 B = Non-inter-level travel time spent in this place.
 C = Inter-level travel time spent in this place.
 D = Time resting spent in this place.
 E = Time spent auto-exploring this place.
 F = Levels seen in this place.
 G = Mean time per level.
                   A        B        C        D        E       F      G
               +--------+--------+--------+--------+--------+-----+--------+
         Total |    386 |    386 |      0 |      0 |    341 |   1 |  386.0 |
       Dungeon |    386 |    386 |      0 |      0 |    341 |   1 |  386.0 |
               +--------+--------+--------+--------+--------+-----+--------+

Top non-repeatable levels by time:
     D:1: 386 daAuts
